AoeStats
← yoselibero

Glade

510397571Analyzed
1v1 RM · 15h ago on Sep 30, 2026· 31m 38s· 2 players
Game mode
Random Map
Map size
Tiny (2 player)
Population
200
Speed
Normal
Resources
Standard
Victory
Conquest
Starting age
Dark Age
Ending age
Imperial Age
RankedLock teamsTeams togetherTeam positionsShared explorationLock speedFull tech treeHidden civsTurbo modeCheats
Victory
Defeat
🇨🇿 Britons · Czechia
1138
+16
🇨🇦 Vikings · Canada
1142
-16
yoselibero
4:01 Loom
10:17 Feudal Age
11:20 Double-Bit Axe
11:38 Fletching
14:31 Padded Archer Armor
18:22 Horse Collar
23:20 Castle Age
21:28 Gold Mining
23:09 Stone Mining
23:21 Crossbowman
23:57 Bodkin Arrow
24:44 Heavy Plow
27:19 Wheelbarrow
27:00 Husbandry
30:15 Gold Shaft Mining
30:07 Ballistics
Eliteberrybush
11:16 Feudal Age
11:49 Double-Bit Axe
11:46 Horse Collar
21:07 Castle Age
27:18 Loom
30:07 Padded Archer Armor
30:18 Forging
29:47 Elite Skirmisher
Connection lost

Rejoining the realm…

Still unreachable

The connection could not be restored.

Session expired

The server has moved on; the page needs a fresh start.